 Dungeon Crawl Stone Soup version 0.17.1-1-g73c8601 (webtiles) character file.

53 Larett the Changer (level 3, 0/45 HPs)
             Began as a Draconian Transmuter on Dec 11, 2015.
             Slain by a gnoll
             ... wielding a +0 halberd
              (1 damage)
             ... on level 2 of the Dungeon.
             The game lasted 00:05:32 (1853 turns).

Larett the Changer (Draconian Transmuter)           Turns: 1853, Time: 00:05:32

Health: 0/45       AC: 21    Str: 13    XL:     3   Next: 62%
Magic:  5/6        EV:  2    Int: 13    God:
Gold:   111        SH:  0    Dex: 11    Spells: 1 memorised, 5 levels left

rFire  . . .     SeeInvis +       - Unarmed
rCold  + . .     Clarity  +     (armour unavailable)
rNeg   + + +     SustAt   .     (no shield)
rPois  +         Gourm    .     (helmet currently unavailable)
rElec  .         Spirit   .     (cloak currently unavailable)
rCorr  .         Warding  .     (gloves currently unavailable)
rMut   .         NoTele   +     (boots currently unavailable)
MR     .....                    (no amulet)
Stlth  +.........               q - ring of protection from cold
                                k - ring of see invisible

@: tree-form, not resistant to hostile enchantments, very unstealthy
A: unfitting armour, berserk 1, clarity, (cold-blooded), AC +5
a: no special abilities


You were on level 2 of the Dungeon.
You were not hungry.
You were a tree.
You visited 1 branch of the dungeon, and saw 2 of its levels.

You collected 111 gold pieces.

Inventory:

Missiles
 a - 12 arrows
 e - 123 stones (quivered)
 f - 9 poisoned needles
 h - 21 sling bullets
 o - 6 tomahawks
Armour
 p - a +0 pair of gloves (melded)
Jewellery
 k - a ring of see invisible (left branch)
 q - a ring of protection from cold (right branch)
Scrolls
 j - 2 scrolls of recharging {unknown}
 n - 2 scrolls of identify {unknown}
Potions
 i - a potion of degeneration {unknown}
 l - a potion of mutation
Books
 b - a book of Changes

   Spells                             Type                      Level
   a - Beastly Appendage              Transmutation                1
   b - Sticks to Snakes               Transmutation                2
   c - Spider Form                    Transmutation/Poison         3
   d - Ice Form                       Ice/Transmutation            4
   e - Blade Hands                    Transmutation                5
Comestibles
 c - a bread ration
 g - 6 chunks of flesh


   Skills:
 * Level 2.4 Fighting
 - Level 1.7 Dodging
 - Level 3.0 Unarmed Combat
 - Level 2.0 Spellcasting
 * Level 3.4 Transmutations


You had 5 spell levels left.
You knew the following spells:

 Your Spells              Type           Power        Failure   Level  Hunger
a - Beastly Appendage     Trmt           ##....       10%         1    ##.....


Dungeon Overview and Level Annotations

Branches:
Dungeon (2/15)

Altars:


Innate Abilities, Weirdness & Mutations

((Your plain brown scales are hard (AC +5).))
Your body does not fit into most forms of armour.
((You are cold-blooded and may be slowed by cold attacks.))
You tend to lose your temper in combat.
You possess an exceptional clarity of mind.


Message History

Unknown command.
Sorry, you're not good enough to have a special ability.
Casting: Beastly Appendage
Confirm with . or Enter, or press ? or * to list all spells.
You grow a pair of large bovine horns.
The gnoll completely misses you.
You closely miss the gnoll.
The gnoll is moderately wounded.
The gnoll barely misses you.
You hit the gnoll but do no damage.
The gnoll is moderately wounded.
The gnoll barely misses you.
The gnoll hits you from afar with a halberd.
* * * LOW HITPOINT WARNING * * *
Drink which item? (? for menu, Esc to quit)
Your horns disappear.
You turn into a tree.
Your +0 pair of gloves melds into your body.
Your roots penetrate the ground.
The gnoll hits you but does no damage.
The gnoll hits you from afar with a halberd.
You die...

.... .. #.. ......#
#.## #.#
#.##..##.... #.#
#.##..#...# #.#
##.##.)....# #.#
#..........# #g#
#..##......#
#g###..##..#.#.##
#♣.....))........
##.###.###.##.####
#......# #.##+##
#..#######.#...##
#...............##
#.#.######.......##
#. .. #.........#
#. .. +....)....'
.. ..# #.........#


You could see 2 gnolls.

Vanquished Creatures
  A gnoll (D:2)
  2 oozes (D:1)
  A giant gecko (D:1)
  6 hobgoblins
  3 jackals (D:1)
  7 bats
  5 goblins
  2 kobolds (D:1)
  6 rats
33 creatures vanquished.

Notes
Turn   | Place    | Note
--------------------------------------------------------------
     0 | D:1      | Larett the Draconian Transmuter began the quest for the Orb.
     0 | D:1      | Reached XP level 1. HP: 16/16 MP: 3/3
   476 | D:1      | Reached XP level 2. HP: 14/23 MP: 3/5
  1278 | D:1      | Reached XP level 3. HP: 18/29 MP: 4/6
  1665 | D:1      | Gained mutation: You possess an exceptional clarity of mind. [potion of mutation]
  1665 | D:1      | Gained mutation: You tend to lose your temper in combat. [potion of mutation]
  1852 | D:2      | HP: 1/30 [gnoll/halberd (6)]
  1853 | D:2      | Slain by a gnoll

Action                   || total
-------------------------++-------
Melee: Unarmed           ||   151
 Cast: Beastly Appendage ||    14
  Use: Potion            ||     5
 Stab: Sleeping          ||     1
  Eat: Chunk             ||     3
